[Event "Tournoi norme de MI"]
[Site "PARIS"]
[Date "????.??.??"]
[Round "1.1"]
[White "Navrotescu, Andreea"]
[Black "Lazo, Andrei"]
[Result "1-0"]
[TimeControl "90mn+30s/c"]
[WhiteElo "2228"]
[BlackElo "2212"]

1. e4 e6 2. d4 d5 3. e5 c5 4. c3 Qb6 5. Nf3 Nc6 6. Be2 cxd4 7. cxd4 Nge7 8. Na3 Nf5 9. Nc2 Bb4+ 10. Bd2 Bxd2+ 11. Qxd2 Qxb2 12. O-O Qb6 13. Rab1 Qa5 14. Qf4 Qxa2 15. Bd3 Qa5 16. g4 Nfe7 17. Ng5 Nd8 18. Nxh7 Qc3 19. Qe3 Qc7 20. h4 Ng6 21. h5 Rxh7 22. hxg6 Rh4 23. Qg3 Qe7 24. Kg2 a5 25. Rh1 Rxh1 26. Rxh1 a4 27. Bb5+ Nc6 28. Qc3 Qc7 29. Rh8+ 1-0

[Event "Tournoi norme de MI"]
[Site "PARIS"]
[Date "????.??.??"]
[Round "1.2"]
[White "Bassini, Emile"]
[Black "Duboue, Peio"]
[Result "1/2-1/2"]
[TimeControl "90mn+30s/c"]
[WhiteElo "2382"]
[BlackElo "2462"]

1. e4 e5 2. Nf3 Nc6 3. Bb5 g6 4. d4 exd4 5.
c3 dxc3 6. Nxc3 h6 7. O-O Bg7 8. Bd2 d6 9. Qc1 Nf6 10. Nd5 O-O 11. Bxh6 Nxe4 12. Bxg7 Kxg7 13. Bxc6 bxc6 14. Qxc6 Rb8 15. Qc4 Nf6 16. Nxf6 Qxf6 17.
Qxc7 Bb7 18. Rad1 Bxf3 19. Rxd6 Qxb2 20. gxf3 Rb7 21. Qc4 Rb4 22. Qc1 Qe5 23. Qa1 Qxa1 24. Rxa1 Ra4 25. Rd2 Rh8 26. Rb1 Rh5 27. Rb7 a5 28. Rbd7 Rg5+ 29. Kf1 Rh5 30. R7d4 Rxd4 31. Rxd4 Rxh2 32. Ke2 Rh5 33. f4 Rc5 34. a4 Rc2+ 35. Kf3 Ra2 36. Kg3 Ra3+ 37. f3 Kf6 38. Re4 Ra1 39. Kf2 Kg7 40. Kg3 Ra2 41. Kh3 Ra3 42. Kg3 Kf8 43. Kf2 Ra2+ 44. Kg3 Ra1 45. Kf2 f5 46. Rd4 Ke7 47. Ke2 Ke6 48. Ke3 Ra2 49. Kd3 Ra3+ 50. Ke2 Ra2+ 51. Ke3 Kf6 52. Rd6+ Kg7 53. Rd7+ Kh6 54. Rd4 Kh5 55. Rd1 Kh6 56. Rd4
g5 57. Rd6+ Kh5 58. Rd5 Rxa4 59. Rxf5 Rxf4 60. Rxa5 1/2-1/2

[Event "Tournoi norme de MI"]
[Site "PARIS"]
[Date "????.??.??"]
[Round "1.4"]
[White "Willems, Niels"]
[Black "Laurent, Julien G."]
[Result "1-0"]
[TimeControl "90mn+30s/c"]
[WhiteElo "2337"]
[BlackElo "2199"]

1. e4 c5 2. Nf3 d6 3. Bb5+ Nc6 4. O-O Bd7 5. Re1 a6 6. Bf1 g6 7. c3 Bg7 8. h3 e5 9. b3 Nge7 10. Bb2 O-O 11. d4 Qc7 12. Na3 cxd4 13. cxd4 exd4 14. Nxd4 Nxd4 15. Bxd4 Bxd4 16. Qxd4 Nc6 17. Qf6 Be6 18. Nc2 Qe7 19. Qf4 Rad8 20. Ne3 Kg7 21. Rad1 Ne5 22. Qg3 f6 23. f4 Nf7 24. Bc4 Qd7 25. Bd5 Rfe8 26. Kh2 Rc8 27. Qf2 Nh6 28. Nc4 Rcd8 29. Qb6 Bxd5 30. Rxd5 Nf7 31. Red1 Qc6 32. Qd4 b5 33. Ne3 Rc8 34. Ng4 Qc3 35. Nxf6 Re6 36. Ne8+ Kf8 37. Nxd6 1-0

[Event "Tournoi norme de MI"]
[Site "PARIS"]
[Date "????.??.??"]
[Round "1.5"]
[White "Bonte, Andrei-Mihai"]
[Black "Roshka, Yevgeniy"]
[Result "0-1"]
[TimeControl "90mn+30s/c"]
[WhiteElo "2340"]
[BlackElo "2501"]

1. d4 Nf6 2. c4 c5 3. d5 e6 4. Nc3 exd5 5. cxd5 d6 6. Nf3 g6 7. Bg5 Bg7 8. e3 h6 9.
Bh4 O-O 10. Nd2 Na6 11. Be2 Nc7 12. O-O Rb8 13. a4 b6 14. Nc4 Ba6 15. h3 Qd7 16. Rb1 Bxc4 17. Bxc4 a6 18. Qf3 Nh7 19. Qg4 Qe8 20. Ne4 f5 21. Nxd6 fxg4 22. Nxe8 Nxe8 23. Bxa6 Be5 24. hxg4 g5 25. f4 gxf4 26. exf4 Rxf4 27. Rxf4 Bxf4 28. b4 cxb4 29. Rxb4 Bd6 30. Rb1 Nhf6 31. g5 hxg5 32. Bxg5 Bc5+ 33. Kh2 Kg7 34. g3 Nc7 35. Bc4 Nfxd5 36. Rd1 Kg6 37. Bc1 Nf6 38. Bf4 Ng4+ 39. Kg2 Ne3+ 40. Bxe3 Bxe3 41. Rd6+ Kg5 42. Rd7 Rc8 43. Kf3 Bc5 44. Ke4 Re8+ 45. Kf3 Re7 46. Rd3 Kf6 47. Bb3 Ne6 48. Bd5 Nd4+ 49. Kf4 Bd6+ 50. Kg4 Nf5 51. Kf3 Rg7 52. g4 Nh4+ 53. Ke2 Bc5 0-1



[ePGN "0.1;DGT LiveChess/2.2.5"]

[Event "Tournoi norme de MI"]
[Site "PARIS"]
[Date "????.??.??"]
[Round "2.3"]
[White "Navrotescu, Andreea"]
[Black "Bassini, Emile"]
[Result "1/2-1/2"]
[TimeControl "90mn+30s/c"]
[WhiteElo "2228"]
[BlackElo "2382"]

1. c4 Nf6 2. Nc3 g6 3. e4 d6 4. d4 Bg7 5. Nf3 O-O 6. h3 e5 7. d5 a5 8. Be3 Na6 9. g4 Nd7 10.
h4 f5 11. gxf5 gxf5 12. Ng5 f4 13. Ne6 Qf6 14. Bd2 Rf7 15.
Bh3 Ndc5 16. Nxc5 Nxc5 17. Bxc8 Rxc8 18. Qf3 Kh8 19. O-O-O Rg8 20. Rdg1 Bf8 21. Rxg8+ Kxg8 22. Rg1+ Rg7 23.
Rxg7+ Kxg7 24. h5 Qh4 25. Kc2 Kh6 26. Qg2 Qxh5 27. f3 Qg5 28. Qh3+ Kg7 29. Nb5 Qg3 30. Qh5 c6 31. Nc7 Qg6 32.
Qh3 Qg3 33. Qh5 Qg6 34. Qh3 1/2-1/2

[Event "Tournoi norme de MI"]
[Site "PARIS"]
[Date "????.??.??"]
[Round "2.2"]
[White "Lazo, Andrei"]
[Black "Mouhamad, Joachim"]
[Result "1/2-1/2"]
[TimeControl "90mn+30s/c"]
[WhiteElo "2212"]
[BlackElo "2301"]

1. d4 d5 2. c4 e6 3. Nc3 a6 4. cxd5 exd5 5. Qc2 Nf6 6. Bg5 c6 7. e3 Be6 8. Bd3 Be7 9. Nge2 Nbd7 10.
O-O Rc8 11. Rad1 h6 12. Bh4 Nh5 13. Bxe7 Qxe7 14. f4 Ndf6 15. h3 O-O 16. Rf3 Ne8 17. g4 Nhf6 18. Kg2 Nd6 19. Rg3 Nfe4 20.
Bxe4 dxe4 21. f5 Bc4 22. Nf4 b5 23. b3 Bd3 24. Nxd3 exd3 25. Qxd3 b4 26. Na4 Ne4 27. Rf3 Rfe8 28.
Re1 h5 29. gxh5 Qh4 30. Qe2 Rcd8 31. Nc5 Ng5 32. Rg3 Rxd4 33. exd4 Rxe2+ 34. Rxe2 Qxh5 35. Ree3 Kh7 36. Rg4 f6 37. Ne6 Kg8 38. Nxg5 fxg5 39.
Re6 Qf7 40. Rxg5 Qd7 41. Re4 Qd5 42. Kf3 Kf7 43. h4 Qb5 44. Re7+ Kf6 45. Re6+ Kf7 46. Re7+ Kf6 47. Rexg7 Qf1+ 48.
Ke3 Qe1+ 49. Kd3 Qf1+ 50. Ke3 Qe1+ 51. Kf3 Qf1+ 52. Kg4 Qd1+ 53. Kh3 Qh1+ 54. Kg3 Qg1+ 55. Kf3 Qf1+ 56. Ke4 Qe2+ 57.
Kf4 Qf1+ 58. Kg4 Qd1+ 1/2-1/2

[Event "Tournoi norme de MI"]
[Site "PARIS"]
[Date "????.??.??"]
[Round "2.4"]
[White "Laurent, Julien G."]
[Black "Bonte, Andrei-Mihai"]
[Result "0-1"]
[TimeControl "90mn+30s/c"]
[WhiteElo "2199"]
[BlackElo "2340"]

1. d4 Nf6 2. c4 e6 3. Nc3 Bb4 4. e3 d5 5. Bd3 O-O 6. a3 dxc4 7. Bxc4 Bd6 8. Nf3 Nc6 9. b4 a6 10.
Bb2 e5 11. d5 Ne7 12. Nd2 b5 13. Ba2 Bb7 14. e4 c5 15. bxc5 Bxc5 16. O-O Ng6 17. Nb3 Bb6 18. Bb1 Rc8 19.
Bd3 Ne8 20. Ne2 Nd6 21. a4 f5 22. exf5 Nxf5 23. Be4 Rc4 24. Qd3 Rxe4 25. Qxe4 Bxd5 26. Qb4 Qg5 27. g3 Nxg3 28. Nxg3 Nf4 29.
h3 0-1

[Event "Tournoi norme de MI"]
[Site "PARIS"]
[Date "????.??.??"]
[Round "2.5"]
[White "Duboue, Peio"]
[Black "Willems, Niels"]
[Result "1/2-1/2"]
[TimeControl "90mn+30s/c"]
[WhiteElo "2462"]
[BlackElo "2337"]

1. e4 c6 2. Nf3 d5 3. d3 Bg4 4. Nbd2 Nf6 5. Be2 e6 6. O-O Qc7 7. b3 Nbd7 8. Bb2 Bd6 9. h3 Bh5 10.
Nh4 Bxe2 11. Qxe2 O-O-O 12. Nhf3 Ne5 13. Nxe5 Bxe5 14. d4 Bh2+ 15. Kh1 Bf4 16. e5 Bxd2 17. Qxd2 Ne4 18. Qe1 f5 19.
Bc1 h6 20. h4 Qb6 21. c3 Qa5 22. f3 Qxc3 23. Bf4 Qxe1 24. Rb1 Qd1 25. Ra1 Qe1
26. Raxe1 Nc3 27. a4 c5 28.
Be3 1/2-1/2

[Event "Tournoi norme de MI"]
[Site "PARIS"]
[Date "????.??.??"]
[Round "2.1"]
[White "Roshka, Yevgeniy"]
[Black "Vlachos, Anatole"]
[Result "1-0"]
[TimeControl "90mn+30s/c"]
[WhiteElo "2501"]
[BlackElo "2430"]

1. d4 d5 2. c4 dxc4 3. e3 Nf6 4. Bxc4 e6 5. Nf3 a6 6. O-O c5 7. a4 Nc6 8. Nc3 cxd4 9. exd4 Be7 10.
Re1 O-O 11. Bg5 Nb4 12. Ne5 Bd7 13. Qb3 Bc6 14. Nxf7 Kxf7 15. Bxe6+ Kg6 16. Qd1 Bd6 17. h4 1-0



[ePGN "0.1;DGT LiveChess/2.2.5"]

[Event "Tournoi norme de MI"]
[Site "PARIS"]
[Date "????.??.??"]
[Round "3.4"]
[White "Bonte, Andrei-Mihai"]
[Black "Duboue, Peio"]
[Result "0-1"]
[TimeControl "90mn+30s/c"]
[WhiteElo "2340"]
[BlackElo "2462"]

1. d4 d5 2. Nf3 Nf6 3. Bf4 c5 4. e3 Nc6 5. Nbd2 cxd4 6. exd4 Bf5 7. c3 e6 8. Qb3 Bd6 9. Bg3 Rb8 10.
a4 h5 11. Be2 g6 12. Qa2 Kf8 13. a5 Kg7 14. Bb5 Ne7 15. Be5 Bxe5 16. Nxe5 h4 17. Qa3 Rc8 18. Nf1 Rc7 19. Ne3 Ne4 20. f3 Nd6 21. Be2 g5 22. O-O f6 23. Nd3 Ng6 24. Nc5 Nf4 25. Rfe1 Re7 26. Bf1 Bg6 27. Rad1 Rhe8 28. Ng4 b6 29.
axb6 axb6 30. Nd3 Bxd3 31. Bxd3 b5 32. Bf1 Qb6 33. Qc5 Rb8 34. Ra1 b4 35. Ra6 Qxc5 36. dxc5 Nf5 37. c4 d4 38.
Kf2 Kf7 39. g3 Nh5 40. Bd3 hxg3+ 41. hxg3 Nfxg3 42. Nh6+ Kg7 43. Rexe6 Rxe6 44. Rxe6 Kxh6 45. Rxf6+ 0-1

[Event "Tournoi norme de MI"]
[Site "PARIS"]
[Date "????.??.??"]
[Round "3.1"]
[White "Willems, Niels"]
[Black "Navrotescu, Andreea"]
[Result "1-0"]
[TimeControl "90mn+30s/c"]
[WhiteElo "2337"]
[BlackElo "2228"]

1. c4 e5 2. Nc3 Nf6 3. Nf3 e4 4. Ng5 c6 5. Ngxe4 Nxe4 6. Nxe4 d5 7. cxd5 cxd5 8. Ng3 h5 9.
e3 h4 10. Ne2 Nc6 11. d4 Qf6 12. Nc3 Qg6 13. a3 Bd6 14. Qf3 Bg4 15. Qxd5 O-O 16. h3 Ne7 17. Qe4 f5 18. Bc4+ Kh8 19.
hxg4 fxe4 20. Rxh4+ Qh6 21. Rxh6+ gxh6 22. Nxe4 Bc7 23. Bd2 Nc6 24. Rc1 Rae8 25. f3 Bd8 26. Bb5 Bh4+ 27. Ke2 Rc8 28.
Rh1 Be7 29. d5 a6 30. Bc3+ Kg8 31. Bd3 Na7 32. Rxh6 Nb5 33. Rh8+ Kf7 34. Rh7+ Ke8 35. Bxb5+ axb5 36. d6 1-0

[Event "Tournoi norme de MI"]
[Site "PARIS"]
[Date "????.??.??"]
[Round "3.5"]
[White "Bassini, Emile"]
[Black "Lazo, Andrei"]
[Result "1-0"]
[TimeControl "90mn+30s/c"]
[WhiteElo "2382"]
[BlackElo "2212"]

1. e4 e6 2. d4 d5 3. Nc3 Nf6 4. e5 Nfd7 5. f4 c5 6. Nf3 Nc6 7. Be3 h6 8. Qd2 g5 9. dxc5 gxf4 10.
Bxf4 a6 11. O-O-O Nxc5 12. Kb1 b5 13.
Bd3 Qa5 14. Rhf1 Na4 15. Ne2 Qxd2 16. Rxd2 Bd7 17. Ned4 Bc5 18. Nxc6 Bxc6 19. c3 b4 20. cxb4 Bxb4 21. Rc2 Nc5 22. Rxc5 Bxc5 23. Rc1 Be7 24. Rxc6 a5 25. Bb5 Kf8 26. Rc7 Rb8 27. a4 Bd8 28. Rc3 Bb6 29. Nd2 h5 30. h4 Rb7 31. Bg5 Rc7 32. Rd3 Rc8 33. Nb3 Rg8 34. Nd4 Bd8 35. Bh6+ Ke7 36. Nc6+ 1-0

[Event "Tournoi norme de MI"]
[Site "PARIS"]
[Date "????.??.??"]
[Round "3.3"]
[White "Vlachos, Anatole"]
[Black "Laurent, Julien G."]
[Result "1-0"]
[TimeControl "90mn+30s/c"]
[WhiteElo "2430"]
[BlackElo "2199"]

1. c4 e6 2. Nf3 d5 3. g3 Nf6 4. Bg2 Be7 5. O-O O-O 6. b3 a5 7. Nc3 Nbd7 8. Bb2 Nc5 9. Rb1 c6 10. Qc2 d4 11. Nxd4 e5 12. Nf5 Bxf5 13. Qxf5 Qxd2 14. Qxe5 Rfe8 15. Rfd1 Qc2 16. Ba1 Bf8 17. Qc7 Rec8 18. Qf4 Rd8 19. Rbc1 Rxd1+ 20. Rxd1 a4 21. Rc1 Qg6 22. Nxa4 Nxa4 23. bxa4 Rxa4 24. Qb8 Rb4 25. Bf1 Rb1 26. Rxb1 Qxb1 27. Bxf6 gxf6 28. e3 Kg7 29. Qc8 f5 30. Qc7 Kg6 31. h4 h6 32. Qd8 Bg7 33. Qd6+ Bf6 34. h5+ Kg7 35. Qd3 1-0

[Event "Tournoi norme de MI"]
[Site "PARIS"]
[Date "????.??.??"]
[Round "3.2"]
[White "Mouhamad, Joachim"]
[Black "Roshka, Yevgeniy"]
[Result "0-1"]
[TimeControl "90mn+30s/c"]
[WhiteElo "2301"]
[BlackElo "2501"]

1. e4 c5 2. Nf3 d6 3. d4 cxd4 4. Nxd4 Nf6 5. Nc3 Nc6 6. Be3 e5 7. Nb3 Be6 8. f3 Be7 9. Nd5 O-O 10. Qd2 a5 11. Bb6 Qd7 12. Nxa5 Bxd5 13. exd5 Nxa5 14. Bxa5 Qa4 15. Bc3 Rfc8 16. b3 Qh4+ 17. g3 Qh5 18. Be2 Rc5 19. Bb2 Rxd5 20. Qe3 Bd8 21. O-O Nd7 22. Kg2 Bb6 23. Qc1 Rda5 24. a4 Nf6 25. c4 d5 26. b4 Rxa4 27. Rxa4 Rxa4 28. g4 Qg6 29. cxd5 Ra8 30. Rd1 h5 31. h3 e4 32. Qc3 Re8 33. Bc1 exf3+ 34. Qxf3 hxg4 35.
hxg4 Nxg4 36. Bd3 Ne3+ 37. Kh2 Qh6+ 38. Kg3 Bc7+ 0-1



[ePGN "0.1;DGT LiveChess/2.2.5"]

[Event "Tournoi norme de MI"]
[Site "PARIS"]
[Date "????.??.??"]
[Round "4.2"]
[White "Laurent, Julien G."]
[Black "Mouhamad, Joachim"]
[Result "1/2-1/2"]
[TimeControl "90mn+30s/c"]
[WhiteElo "2199"]
[BlackElo "2301"]

1. Nf3 d5 2. c4 d4 3. e3 Nc6 4. exd4 Nxd4 5. Nxd4 Qxd4 6. Nc3 Nf6 7. d3 c6 8. Be3 Qg4 9. h3 Qxd1+ 10. Rxd1 e5 11. Be2 Be7 12. O-O O-O 13. f4 exf4 14. Bxf4 Be6 15. Rd2 Rfd8 16. Rfd1 Rd7 17. Be3 h6 18.
a3 Kh7 19. d4 Rad8 20. d5 cxd5 21. cxd5 Nxd5 22. Nxd5 Rxd5 23. Rxd5 Rxd5 24.
Rxd5 Bxd5 25. Bxa7 f5 26. Bd3 g6 27. b4 Kg7 28. Bd4+ Kf7 29. Bc3 Ke6 30. a4 g5 31. a5 g4 32.
hxg4 fxg4 33. Kf2 h5 34. Be2 Kf5 35. Bd3+ Ke6 36. Be2 1/2-1/2

[Event "Tournoi norme de MI"]
[Site "PARIS"]
[Date "????.??.??"]
[Round "4.5"]
[White "Navrotescu, Andreea"]
[Black "Bonte, Andrei-Mihai"]
[Result "1-0"]
[TimeControl "90mn+30s/c"]
[WhiteElo "2228"]
[BlackElo "2340"]

1. d4 Nf6 2. c4 e6 3. Nc3 Bb4 4. e3 O-O 5. Bd2 d5 6. Nf3 Nbd7 7. Qb3 Bxc3 8. Bxc3 b6 9. cxd5 Nxd5 10.
Bd2 c5 11. Bb5 a6 12. Bxd7 Bxd7 13. dxc5 bxc5 14. O-O Qf6 15. Qc2 Rfc8 16. e4 Nb4 17. Qc3 Bb5 18. Qxf6 gxf6 19. Rfc1 Bd3 20.
e5 Nc2 21. exf6 Nxa1 22. Rxa1 Rab8 23. Bc3 Be4 24. Ne5 Rd8 25. f3 Ba8 26. a4 Rd5 27. a5 Rb3 28. Re1 h5 29. Kf2 Rd8 30.
Kg3 Bd5 31. Kh4 Rb7 32. Kxh5 Kh7 33. g4 Bb3 34. Re2 Ba2 35. Re1 Bb3 36. g5 Bc2 37. Kg4 Bf5+ 38. Kg3 Bg6 39. Kg4 Bf5+ 40.
Kf4 Bg6 41. Rg1 Rd5 42. Rg4 Bf5 43. Rh4+ Kg8 44. Rh6 Rxe5 45. Kxe5 Rd7 46. h4 Rd5+ 47. Kf4 Bc2 48. Be5 Rd1 49.
h5 Rh1 50. g6 Bxg6 51. Rxg6+ fxg6 52. hxg6 Rd1 53. f7+ Kf8 54. Kg5 Ke7 55. Bg7 Rg1+ 56. Kf4 1-0

[Event "Tournoi norme de MI"]
[Site "PARIS"]
[Date "????.??.??"]
[Round "4.3"]
[White "Duboue, Peio"]
[Black "Vlachos, Anatole"]
[Result "1/2-1/2"]
[TimeControl "90mn+30s/c"]
[WhiteElo "2462"]
[BlackElo "2430"]

1. e4 e5 2. Nf3 Nc6 3. Nc3 Nf6 4. d4 Bb4 5. Nxe5 Bxc3+ 6. bxc3 Qe7 7. f3 Nxe5 8. dxe5 Qxe5 9. Qd4 d6 10.
Bd3 O-O 11. O-O Re8 12. Be3 b6 13. Bf2 Bb7 14. a4 a5 15. Bb5 Re7 16. Bh4 Qf4 17. Qf2 Qe5 18. Qd4 Qf4 19. Qf2 Qe5 1/2-1/2

[Event "Tournoi norme de MI"]
[Site "PARIS"]
[Date "????.??.??"]
[Round "4.4"]
[White "Bassini, Emile"]
[Black "Willems, Niels"]
[Result "1/2-1/2"]
[TimeControl "90mn+30s/c"]
[WhiteElo "2382"]
[BlackElo "2337"]

1. e4 c6 2. d4 d5 3. e5 Bf5 4. Nf3 e6 5. Be2 c5 6. Be3 Qb6 7. Nc3 Nc6 8. O-O Qxb2 9. Qe1 cxd4 10.
Bxd4 Nxd4 11. Nxd4 Bb4 12. Ndb5 Ba5 13. Rb1 Qxc2 14. Rc1 Qb2 15. Nd6+ Kf8 16. Nxf5 exf5 17. Na4 Bb4 18. Qd2 Bxd2 19. Nxb2 Ba5 20. Rc5 Bb6 21. Rxd5 Rd8 22. Rfd1 Ke7 23. Bb5 Nh6 24. Rd7+ Rxd7 25. Rxd7+ Ke6 26.
Rd6+ Ke7 27. Rd7+ Ke6 28. Rd6+ Ke7 29. Rd7+ 1/2-1/2

[Event "Tournoi norme de MI"]
[Site "PARIS"]
[Date "????.??.??"]
[Round "4.1"]
[White "Lazo, Andrei"]
[Black "Roshka, Yevgeniy"]
[Result "0-1"]
[TimeControl "90mn+30s/c"]
[WhiteElo "2212"]
[BlackElo "2501"]

1. d4 Nf6 2. c4 c5 3. d5 e6 4. Nc3 exd5 5. cxd5 d6 6. e4 g6 7. f4 Bg7 8. Bb5+ Nfd7 9. Be2 O-O 10.
Nf3 Re8 11. O-O Na6 12. Bd2 Nf6 13. Bb5 Bd7 14. Bxd7 Qxd7 15. e5 dxe5 16. Nxe5 Qd8 17. Qb3 Nb4 18. d6 Re6 19. a3 Qxd6 20.
axb4 Qxd2 21. bxc5 Re7 22. Kh1 Qe3 23. Qb4 Rc7 24. Ra5 Bf8 25. Na4 Ne4 26. Ng4 Qe2 27. Re1 Ng3+ 28. hxg3 Qxg4 29.
Qc3 Qh5+ 30. Kg1 Bg7 31. Qd2 Rcc8 32. c6 b5 33. g4 Qh4 34. Nc5 Bd4+ 35. Qxd4 Qxe1+ 36. Kh2 Qh4+ 37. Kg1 Qe1+ 38.
Kh2 Qxa5 39. Nd7 Rxc6 0-1



[ePGN "0.1;DGT LiveChess/2.2.5"]

[Event "Tournoi norme de MI"]
[Site "PARIS"]
[Date "????.??.??"]
[Round "5.3"]
[White "Willems, Niels"]
[Black "Lazo, Andrei"]
[Result "1-0"]
[TimeControl "90mn+30s/c"]
[WhiteElo "2337"]
[BlackElo "2212"]

1. c4 Nf6 2. Nc3 c6 3. Nf3 d5 4. e3 a6 5. b3 b5 6. Bb2 Bg4 7. h3 Bh5 8. g4 Bg6 9. Ne5 Qc7 10.
Nxg6 hxg6 11. Rc1 Qb7 12. cxd5 cxd5 13. Bg2 e6 14. O-O Nc6 15. e4 Nb4 16. exd5 Nfxd5 17. Re1 Rd8 18. a3 Nxc3 19.
Rxc3 Nd5 20. Rd3 Be7 21. Bxg7 Rh7 22. Bb2 b4 23. a4 Rd6 24. Be5 Rd7 25. Qc2 f5 26. Qc4 Kf7 27. Bg3 Rh8 28.
gxf5 gxf5 29. Bxd5 Rxd5 30. Rxd5 exd5 31. Qd3 Qd7 32. Re5 f4 33. Rf5+ Bf6 34. Bxf4 Rg8+ 35. Kf1 Ke6 36. Rh5 Qc6 37.
Qf5+ Ke7 38. Rh7+ Rg7 39. Bg5 Rxh7 40. Qxh7+ Ke6 41. Qg6 1-0

[Event "Tournoi norme de MI"]
[Site "PARIS"]
[Date "????.??.??"]
[Round "5.5"]
[White "Bonte, Andrei-Mihai"]
[Black "Bassini, Emile"]
[Result "0-1"]
[TimeControl "90mn+30s/c"]
[WhiteElo "2340"]
[BlackElo "2382"]

1. d4 Nf6 2. Nf3 g6 3. c4 Bg7 4. Nc3 O-O 5. Bg5 h6 6. Bh4 c5 7. e3 cxd4 8. Nxd4 Nc6 9. Qd2 d6 10.
Be2 Bd7 11. O-O a6 12. Rfd1 Rc8 13. Rac1 Nxd4 14. exd4 g5 15. Bg3 b5 16. cxb5 axb5 17. Nxb5 Ne4 18. Qe3 Rxc1 19. Rxc1 f5 20.
Qb3+ Kh8 21. Bd3 Bxb5 22. Qxb5 Qa8 23. Qd7 f4 24. Qxe7 Nf6 25. Bxf4 gxf4 26. Rc7 Ne8 27. Rb7 Qxa2 28.
Rb8 Qg8 29. h4 f3 30. g3 Bxd4 31. Bg6 Qxg6 32. Qxf8+ Kh7 33. Qxf3 Ng7 34. Rb7 h5 35. Kg2 Bf6 36. Kh2 Be5 37.
b4 Kh6 38. Qf8 Qe4 39. Qe7 Kh7 40. Qf7 Qxh4+ 41. Kg1 Qg4 42. Kg2 h4 43. Qd5 hxg3 44. Qd3+ Kh6 45. fxg3 Nf5 46. Rf7 Kg6 47.
Rf8 Bf6 48. b5 Kg7 49. Re8 Be5 50. b6 Bxg3 51.
b7 Be5+ 52. Kf1 Ng3+ 53. Ke1 Qb4+ 54. Kf2 Qxb7 55. Rxe5 Nh1+ 56. Kg1 dxe5 57. Qf5 Qd5 58. Qg5+ Kf7 59. Qh5+ Ke7 60. Qh4+ Kd7 61.
Qg4+ Kd6 62. Qg6+ Kc5 63. Qc2+ Kb6 64. Qb1+ Ka6 65. Qa1+ Kb5 66. Qb2+ Kc6 67. Kh2 Qe4 68. Qc3+ Kd7 69.
Qh3+ Ke7 70. Qa3+ Kf6 71. Qf8+ Kg5 72. Qg7+ Kf4 73. Qf7+ Ke3 74. Qb3+ Kf2 75. Qb6+ Qe3 0-1

[Event "Tournoi norme de MI"]
[Site "PARIS"]
[Date "????.??.??"]
[Round "5.4"]
[White "Vlachos, Anatole"]
[Black "Navrotescu, Andreea"]
[Result "1-0"]
[TimeControl "90mn+30s/c"]
[WhiteElo "2430"]
[BlackElo "2228"]

1. c4 e5 2. g3 Nc6 3. Bg2 Bc5 4. Nc3 a6 5. a3 d6 6. e3 Ba7 7. d3 h5 8. Nf3 Nge7 9. Qc2 Ng6 10.
h4 Bg4 11. b4 Qd7 12. Bb2 O-O 13. Nh2 Nge7 14. Nxg4 Qxg4 15. Ne4 f6 16. Bh3 Qg6 17. O-O-O Qf7 18. d4 exd4 19. exd4 d5 20.
Nc5 Bxc5 21. dxc5 Ne5 22. Rhe1 d4 23. Rxd4 Kh8 24. Rde4 N7c6 25. b5 axb5 26. cxb5 Na5 27. f4 Ng4 28.
Re7 Qa2 29. Bxg4 Nb3+ 30. Kd1 hxg4 31. R1e2 Na1 32. Qg6 Qd5+ 33. Kc1 Rg8 34. f5 Qc4+ 35. Kd1 Qb3+ 36. Ke1 Qxg3+ 37. Kf1 Qxh4 38.
Qxg4 Qh1+ 39. Qg1 Qh3+ 40. Qg2 Qxf5+ 41. Kg1 Qb1+ 42. Re1 Qh7 43. R1e3 Ra4 44. Rh3 Rh4 45. Rxh4 Qxh4 46. Re3 Rd8 47.
Rh3 1-0

[Event "Tournoi norme de MI"]
[Site "PARIS"]
[Date "????.??.??"]
[Round "5.2"]
[White "Mouhamad, Joachim"]
[Black "Duboue, Peio"]
[Result "1/2-1/2"]
[TimeControl "90mn+30s/c"]
[WhiteElo "2301"]
[BlackElo "2462"]

1. e4 c6 2. d4 d5 3. e5 c5 4. Nf3 cxd4 5. Qxd4 e6 6. Bd3 Nc6 7. Qf4 Nb4 8. O-O Nxd3 9. cxd3 Ne7 10.
Nc3 Ng6 11. Qg3 Be7 12. Ne2 f6 13. Nf4 Nxe5 14. Nxe5 fxe5 15. Nh5 g6 16. Qxe5 Rg8 17. Ng3 Bf6 18. Qe1 Kf7 19. Ne2 e5 20.
f4 e4 21. dxe4 dxe4 22. Be3 Bf5 23. Rd1 Qe7 24. Nc3 Rgd8 25. Nd5 Qd6 26. Nxf6 Qxd1 27. Qxd1 Rxd1 28. Rxd1 Kxf6 29. Rc1 h5 30.
Rc7 b6 31. a4 Ke6 32. h3 Kd6 33. Rg7 Kd5 34. a5 Kc4 35. g4 hxg4 36. hxg4 Bxg4 37. axb6 axb6 38. Rxg6 Bf3 39. Rxb6 Rg8+ 40.
Kf1 Kd3 41. Rb3+ Kc2 42. Rc3+ Kxb2 43. Bd4 Ka2 44. f5 Rf8 45. f6 Rd8 46. Be5 Re8 47. Bd6 Bh5 48. Be7 Bf7 49. Rh3 Be6 50.
Rh7 Kb3 51. Kf2 Kc4 52. Ke3 Kd5 53. Rh5+ Kc6 54. Kxe4 Bf7 55. Rh2 Rxe7+ 56. fxe7 Kd7 57. Ke5 Kxe7 58. Rh7 Ke8 59. Kf6 Bc4 60. Rc7 Bb3 61. Rc3 Ba2 62. Rc2 Bb3 63. Rb2 Bc4 64. Rb4 Ba2 65. Rd4 Bb3 66. Rd2 Bc4 67.
Rb2 Kd7 1/2-1/2



[ePGN "0.1;DGT LiveChess/2.2.5"]

[Event "Tournoi norme de MI"]
[Site "PARIS"]
[Date "????.??.??"]
[Round "6.3"]
[White "Lazo, Andrei"]
[Black "Laurent, Julien G."]
[Result "1/2-1/2"]
[TimeControl "90mn+30s/c"]
[WhiteElo "2212"]
[BlackElo "2199"]

1. d4 Nf6 2. Nf3 e6 3. Bg5 c5 4. c3 d5 5. e3 Be7 6. Nbd2 Nc6 7. Bd3 h6 8. Bh4 a6 9. O-O b5 10.
Ne5 Nxe5 11. dxe5 Nd7 12. Bg3 Bb7 13. f4 g6 14. Qc2 Nf8 15. a4 c4 16. Be2 Bc5 17. Bf2 Qb6 18. e4 Bxf2+ 19. Rxf2 Nd7 20. exd5 Bxd5 21. axb5 axb5 22. Rxa8+ Bxa8 1/2-1/2

[Event "Tournoi norme de MI"]
[Site "PARIS"]
[Date "????.??.??"]
[Round "6.4"]
[White "Bassini, Emile"]
[Black "Vlachos, Anatole"]
[Result "0-1"]
[TimeControl "90mn+30s/c"]
[WhiteElo "2382"]
[BlackElo "2430"]

1. e4 e6 2. d4 d5 3. Nc3 Nf6 4. e5 Nfd7 5. f4 c5 6. Nf3 Nc6 7. Be3 Be7 8. Qd2 a6 9. Bd3 b5 10. dxc5 Nxc5 11. Nd4 Nxd4 12. Bxd4 b4 13.
Ne2 a5 14. Qe3 Nxd3+ 15. cxd3 Ba6 16. Kd2 O-O 17. Rhc1 Qe8 18. Bc5 d4 19. Nxd4 Rd8 20. Bxe7 Qxe7 21. Nc6 Qb7 22. Qc5 Rxd3+ 23. Ke1 Bb5 24. Rc2 g5 25. Rd1 Rfd8 26. Rxd3 Rxd3 27. fxg5 Kg7 28. a4 Bxa4 29. b3 Rd5 30. Qf2 Bxc6 31.
Qf6+ Kg8 32. g6 hxg6 33. Rc4 Qd7 0-1

[Event "Tournoi norme de MI"]
[Site "PARIS"]
[Date "????.??.??"]
[Round "6.5"]
[White "Willems, Niels"]
[Black "Bonte, Andrei-Mihai"]
[Result "1/2-1/2"]
[TimeControl "90mn+30s/c"]
[WhiteElo "2337"]
[BlackElo "2340"]

1. c4 Nf6 2. Nc3 c5 3. g3 g6 4. Bg2 Bg7 5. e4 Nc6 6. Nge2 d6 7. d3 Bg4 8. h3 Bxe2 9. Nxe2 Nd7 10.
O-O Rb8 11. Rb1 O-O 12. Be3 b5 13. cxb5 Rxb5 1/2-1/2

[Event "Tournoi norme de MI"]
[Site "PARIS"]
[Date "????.??.??"]
[Round "6.1"]
[White "Duboue, Peio"]
[Black "Roshka, Yevgeniy"]
[Result "1/2-1/2"]
[TimeControl "90mn+30s/c"]
[WhiteElo "2462"]
[BlackElo "2501"]

1. e4 g6 2. d4 Bg7 3. Nc3 d6 4. Be3 a6 5. Qd2 b5 6. h4 h5 7. Nh3 Bxh3 8. Rxh3 c6 9. a4 Nd7 10.
d5 b4 11. dxc6 bxc3 12. cxd7+ Qxd7 13. Qd5 Rc8 14. Bxa6 cxb2 15. Rb1 Nf6 16. Bxc8 Qxc8 17. Qd3 O-O 18. Bd4 Qc6 19. Rxb2 e5 20.
Bc3 Nxe4 21. Kf1 Nxc3 22. Qxc3 Qxa4 23. Qb4 Qa6+ 24. Qb5 Qa8 25. Rb1 e4 26. Rd1 Rc8 27. Qd5 Qxd5 28. Rxd5 Be5 29.
Rd2 f5 30. Ra3 Kf7 31. Ra2 Ke6 32. Rd1 Rc4 33. Rb1 Bf6 34. g3 Bd4 35. Ke2 Rc3 36. Rb3 Rc4 37. Rba3 Bc5 38. Rb3 Bd4 39.
Rba3 Bc5 40. Rb3 1/2-1/2

[Event "Tournoi norme de MI"]
[Site "PARIS"]
[Date "????.??.??"]
[Round "6.2"]
[White "Navrotescu, Andreea"]
[Black "Mouhamad, Joachim"]
[Result "1-0"]
[TimeControl "90mn+30s/c"]
[WhiteElo "2228"]
[BlackElo "2301"]

1. d4 d5 2. c4 e6 3. Nc3 a6 4. cxd5 exd5 5. Qb3 Nf6 6. Bg5 Bd6 7. Nxd5 Be6 8. Bxf6 gxf6 9. Qe3 Nc6 10.
Nc3 Nb4 11. O-O-O c6 12. a3 Nd5 13. Nxd5 cxd5 14. Kb1 b5 15. g3 O-O 16. Bh3 Qd7 17. Bxe6 fxe6 18. Nh3 b4 19. axb4 Rab8 20.
Nf4 Rxb4 21. Rd2 Re8 22. Rc1 a5 23. Nh5 Rf8 24. Qh6 Qe7 25. Rc6 Rb7 26. Rdc2 Rd7 27. Rc8 Kh8 28. Nxf6 Rdd8 29.
Rxd8 Rxd8 30. Nxh7 Qg7 31. Qxg7+ Kxg7 32. Ng5 Kf6 33. h4 a4 34. Rc6 Ke7 35. Ra6 1-0



[ePGN "0.1;DGT LiveChess/2.2.5"]